Map: Nightscape LE

Players

Firetrasher

  • Race: Protoss Protoss
  • League: Platinum
  • Spawn Location: 1:00

McPete

  • Race: Protoss Protoss
  • League: Silver
  • Spawn Location: 1:00

Massa - Winner!

  • Race: Terran Terran
  • League: Platinum
  • Spawn Location: 7:00

qqq - Winner!

  • Race: Protoss Protoss
  • League: Platinum
  • Spawn Location: 7:00

VOD

Have the link to the VOD?

Description

Time

  • Played on: Sept. 30, 2020, 1 p.m.
  • Length: 10:46
Show
View Real Time Build Order
Export as new Build Order

Firetrasher Protoss 

Build Orders:  

Get SALT Encoding   

  12  0:00  Probe  
  13  0:12  Probe  
  14  0:19  Pylon  
  14  0:24  Probe  
  15  0:38  Gateway  
  15  0:40  Probe  
  16  0:49  Assimilator  
  16  0:52  Probe (Chrono Boost)  
  16  0:54  Assimilator  
  18  1:04  Probe (Chrono Boost)  
  18  1:12  Probe (Chrono Boost)  
  19  1:20  Probe (Chrono Boost)  
  20  1:28  Probe (Chrono Boost), Cybernetics Core  
  21  1:38  Zealot  
  23  1:42  Pylon  
  22  2:03  Forge  
  22  2:07  Pylon  
  20  2:21  Probe  
  21  2:32  Shield Battery  
  21  2:36  Photon Cannon  
  21  2:47  Photon Cannon  
  20  2:57  Photon Cannon  
  19  3:27  Photon Cannon  
  19  3:29  Photon Cannon  
  2  5:57  Nexus  
  1  7:12  Probe  
  2  7:55  Probe  
  3  8:27  Probe  
  4  8:49  Probe  
  5  9:07  Probe  
  6  9:19  Probe (Chrono Boost)  
  8  9:31  Probe (Chrono Boost)  
  8  9:38  Probe (Chrono Boost)  
  9  9:47  Probe  
  11  10:00  Probe  
  11  10:12  Probe  
  12  10:16  Pylon  
  9  10:30  Probe  
Show
View Real Time Build Order
Export as new Build Order

McPete Protoss 

Build Orders: Proxy Void Ray 

Get SALT Encoding   

  12  0:00  Probe  
  13  0:12  Probe  
  14  0:21  Pylon  
  14  0:24  Probe  
  15  0:41  Gateway  
  15  0:43  Probe (Chrono Boost)  
  16  0:53  Assimilator  
  16  0:54  Probe (Chrono Boost)  
  17  0:59  Probe (Chrono Boost)  
  18  1:09  Probe (Chrono Boost)  
  18  1:10  Assimilator  
  18  1:21  Probe (Chrono Boost)  
  19  1:30  Probe (Chrono Boost)  
  19  1:31  Cybernetics Core  
  20  1:35  Probe  
  21  1:47  Probe  
  21  1:48  Pylon  
  22  1:59  Probe  
  23  2:06  Zealot  
  25  2:10  Stargate  
  25  2:14  Shield Battery  
  25  2:36  Stalker  
  27  2:43  Probe  
  28  2:50  Void Ray (Chrono Boost)  
  28  2:58  Pylon  
  30  3:01  Shield Battery  
  30  3:02  Shield Battery  
  29  3:21  Void Ray (Chrono Boost)  
  27  3:30  Shield Battery  
  23  3:51  Void Ray  
  13  4:28  Void Ray  
Show
View Real Time Build Order
Export as new Build Order

Massa Terran - Winner!

Build Orders: Reaper Expand 

Get SALT Encoding   

  12  0:00  SCV  
  13  0:12  SCV  
  14  0:22  Supply Depot  
  14  0:24  SCV  
  15  0:44  SCV  
  15  0:46  Barracks  
  16  0:57  SCV  
  16  1:00  Refinery  
  17  1:17  SCV  
  18  1:29  SCV  
  19  1:37  Command Center  
  19  1:41  SCV  
  19  1:43  Reaper  
  19  1:46  Refinery  
  21  1:56  Barracks  
  21  1:59  SCV  
  22  2:23  Reaper  
  22  2:28  Orbital Command  
  23  2:49  Factory  
  23  2:50  Refinery  
  23  2:55  Reaper, SCV  
  25  3:07  Reaper  
  25  3:08  SCV  
  25  3:09  Orbital Command  
  27  3:20  SCV  
  28  3:27  Reaper  
  28  3:32  SCV  
  29  3:54  Marine  
  30  3:59  Marine  
  30  4:00  Engineering Bay  
  30  4:12  Marine  
  30  4:17  Marine  
  32  4:28  Missile Turret x2  
  32  4:30  Marine  
  31  4:40  SCV  
  31  4:41  Missile Turret  
  31  4:49  Marine x2  
  31  4:52  SCV  
  28  5:04  SCV  
  29  5:12  Missile Turret  
  26  5:25  Orbital Command  
  26  5:34  SCV  
  27  5:39  Missile Turret  
  27  5:46  SCV  
  24  6:10  Orbital Command  
  24  6:12  Missile Turret  
  18  8:02  Engineering Bay  
  18  8:14  Orbital Command  
  17  8:34  Missile Turret  
  17  8:46  Missile Turret  
  17  8:49  Missile Turret  
  17  9:25  Factory Tech Lab, Engineering Bay  
  17  9:30  Supply Depot  
  17  9:39  SCV  
  17  9:45  Cyclone  
  21  9:51  SCV  
  22  10:04  Missile Turret  
  22  10:38  Barracks  
  22  10:41  Missile Turret  
  22  10:44  Barracks  
Show
View Real Time Build Order
Export as new Build Order

qqq Protoss - Winner!

Build Orders:  

Get SALT Encoding   

  12  0:00  Probe  
  13  0:13  Probe  
  14  0:21  Pylon  
  14  0:31  Probe  
  15  0:40  Forge  
  15  0:43  Probe  
  16  0:55  Probe  
  17  1:04  Pylon  
  17  1:07  Probe  
  18  1:20  Probe  
  18  1:23  Photon Cannon  
  18  1:25  Pylon  
  19  1:31  Pylon  
  19  1:32  Probe  
  20  1:48  Pylon  
  19  2:09  Photon Cannon  
  19  2:22  Probe  
  20  2:25  Photon Cannon  
  20  2:32  Photon Cannon  
  20  2:34  Probe, Pylon  
  21  2:38  Photon Cannon  
  21  2:41  Photon Cannon  
  21  2:54  Photon Cannon  
  21  2:57  Pylon  
  21  3:11  Photon Cannon  
  21  3:14  Photon Cannon  
  21  3:28  Photon Cannon  
  21  3:30  Pylon  
  21  3:38  Photon Cannon  
  21  3:51  Photon Cannon  
  21  3:56  Photon Cannon  
  21  4:13  Photon Cannon  
  17  4:35  Photon Cannon  
  17  5:13  Photon Cannon  
  17  5:22  Pylon  
  17  5:26  Probe  
  18  5:41  Gateway  
  18  5:54  Probe  
  19  6:10  Assimilator  
  19  6:14  Probe, Assimilator  
  20  6:20  Photon Cannon  
  20  6:26  Probe  
  21  6:33  Cybernetics Core  
  21  6:49  Probe  
  22  7:01  Probe (Chrono Boost)  
  23  7:12  Stalker  
  23  7:13  Probe (Chrono Boost)  
  26  7:18  Probe (Chrono Boost)  
  27  7:23  Shield Battery  
  27  7:27  Probe (Chrono Boost)  
  29  7:38  Probe (Chrono Boost)  
  29  7:42  Stalker  
  29  7:43  Probe (Chrono Boost)  
  31  7:53  Probe  
  28  8:05  Probe  
  28  8:12  Stalker (Chrono Boost)  
  29  8:37  Stalker (Chrono Boost)  
  29  8:38  Gateway  
  31  9:02  Stalker  
  31  9:32  Stalker  
  31  9:34  Stalker  
  29  10:02  Stalker  
  29  10:04  Stalker  
  33  10:14  Nexus  
Tags
 
Add a new tag
Caveats
  • Supply blocks, unpowered buildings, or Contaminate may cause inaccurate times.
  • Supply counts are checked every 10 seconds.